Map: Kairos Junction LE

Players

Reynor - Winner!

  • Race: Zerg Zerg
  • Spawn Location: 5:00

HeRoMaRinE

  • Race: Terran Terran
  • Spawn Location: 11:00

Event: 2019 WCS Summer

VOD

Have the link to the VOD?

Description

Time

  • Played on: July 14, 2019, 12:53 p.m.
  • Length: 9:36

All games in this series

Show
View Real Time Build Order
Export as new Build Order

Reynor Zerg - Winner!

Build Orders: Hatch First 

Get SALT Encoding   

  12  0:00  Drone  
  13  0:12  Overlord  
  13  0:16  Drone  
  14  0:30  Drone x2  
  16  0:47  Hatchery  
  15  0:51  Drone  
  15  0:55  Drone  
  17  0:59  Drone  
  18  1:08  Extractor  
  17  1:14  Spawning Pool  
  17  1:16  Drone  
  17  1:20  Drone  
  18  1:28  Drone  
  19  1:39  Drone  
  20  1:49  Overlord  
  20  2:00  Queen x2  
  20  2:01  Zergling x4  
  26  2:10  Drone  
  26  2:11  Drone  
  28  2:24  Hatchery  
  28  2:27  Drone  
  28  2:31  Extractor  
  28  2:33  Metabolic Boost  
  28  2:35  Drone  
  29  2:38  Drone  
  30  2:46  Queen  
  30  2:51  Overlord  
  32  2:53  Drone  
  32  2:56  Drone  
  34  2:59  Drone  
  34  3:00  Drone  
  36  3:09  Drone  
  36  3:10  Drone x3  
  40  3:15  Overlord  
  40  3:22  Drone  
  40  3:25  Drone, Queen  
  44  3:33  Drone  
  45  3:36  Drone  
  45  3:38  Baneling Nest  
  45  3:39  Drone, Queen  
  48  3:43  Zergling x2  
  48  3:44  Zergling x2  
  48  3:46  Drone  
  48  3:47  Drone  
  52  3:48  Drone  
  52  3:52  Overlord  
  53  3:56  Drone x2  
  53  4:00  Drone  
  56  4:11  Zergling x4  
  56  4:12  Zergling x4  
  56  4:13  Drone x2  
  56  4:15  Queen  
  64  4:18  Overlord  
  64  4:24  Overlord  
  64  4:27  Queen  
  65  4:31  Overlord, Spore Crawler  
  65  4:33  Drone, Spore Crawler  
  65  4:36  Zergling x8  
  68  4:39  Drone x2  
  68  4:40  Drone  
  68  4:43  Spore Crawler  
  70  4:49  Drone x5  
  74  4:56  Overlord  
  74  4:59  Drone x4  
  78  5:03  Zergling x8  
  82  5:07  Lair  
  82  5:09  Extractor  
  82  5:10  Drone x2, Extractor  
  83  5:14  Drone  
  83  5:19  Drone  
  83  5:20  Drone  
  85  5:24  Drone  
  85  5:28  Baneling x7  
  86  5:32  Zergling x8  
  91  5:35  Zergling x2  
  91  5:38  Hatchery  
  91  5:39  Zergling x10  
  95  5:44  Baneling x2  
  95  5:45  Zergling x4  
  95  5:46  Baneling x2  
  91  5:51  Overlord  
  91  5:55  Zergling x2  
  91  5:56  Zergling x2  
  83  5:58  Zergling x2  
  83  6:01  Zergling x6  
  83  6:05  Drone  
  83  6:08  Drone x2  
  83  6:09  Queen  
  83  6:11  Extractor  
  87  6:12  Overseer  
  87  6:17  Drone, Extractor  
  87  6:19  Drone x2, Extractor  
  88  6:26  Overseer  
  88  6:27  Drone  
  88  6:28  Drone  
  88  6:29  Drone x3  
  88  6:31  Drone, Evolution Chamber x2  
  92  6:36  Overlord  
  92  6:37  Drone x2  
  92  6:39  Drone  
  95  6:41  Drone  
  95  6:42  Drone x2  
  95  6:43  Overlord x2  
  95  6:45  Centrifical Hooks  
  98  6:50  Drone x2  
  98  6:52  Queen  
  102  6:54  Drone x2  
  102  6:56  Drone x2  
  102  6:59  Drone  
  102  7:00  Zerg Ground Armor Level 1, Zerg Melee Weapons Level 1  
  109  7:01  Drone x2  
  109  7:05  Drone x3  
  109  7:06  Drone  
  109  7:07  Hydralisk Den, Drone  
  113  7:11  Overseer  
  113  7:13  Zergling x8  
  113  7:14  Queen  
  119  7:17  Pneumatized Carapace  
  119  7:18  Zergling x4  
  119  7:20  Zergling x2  
  121  7:23  Overlord  
  121  7:32  Zergling x10  
  121  7:34  Zergling x4  
  121  7:35  Overlord  
  127  7:38  Overlord  
  127  7:42  Zergling x6  
  116  7:52  Hydralisk x4  
  116  7:54  Muscular Augments  
  116  7:56  Hydralisk x4  
  132  8:00  Hatchery  
  132  8:02  Hydralisk x3  
  132  8:03  Zergling x6  
  140  8:08  Hydralisk  
  142  8:14  Overlord  
  142  8:16  Hydralisk  
  142  8:19  Overlord  
  144  8:22  Overlord  
  144  8:24  Overlord  
  144  8:27  Overlord  
  144  8:30  Extractor  
  144  8:32  Overlord  
  143  8:35  Infestation Pit  
  142  8:46  Zergling x28  
  156  8:51  Baneling  
  156  8:52  Baneling x22  
  156  8:55  Zergling x2  
  156  8:56  Zergling x10  
  156  8:59  Zergling x10  
  167  9:06  Zergling x10  
  167  9:07  Baneling  
  167  9:08  Baneling x3  
  172  9:13  Zergling x6  
Show
View Real Time Build Order
Export as new Build Order

HeRoMaRinE Terran 

Build Orders: Gas First Reaper Expand, Mech, Banshee Rush 

Get SALT Encoding   

  12  0:00  SCV  
  13  0:12  SCV  
  14  0:17  Supply Depot  
  14  0:24  SCV  
  15  0:29  Refinery  
  15  0:38  SCV  
  16  0:44  Barracks  
  16  0:50  SCV  
  17  1:02  SCV  
  18  1:14  SCV  
  19  1:31  Orbital Command, Reaper  
  20  1:43  Command Center  
  20  1:52  Factory  
  20  1:56  SCV  
  21  2:07  Barracks Reactor, Supply Depot  
  21  2:09  SCV  
  21  2:13  Refinery  
  22  2:21  SCV  
  23  2:33  SCV  
  24  2:44  Marine x2  
  24  2:45  SCV, Starport  
  24  2:50  Factory Tech Lab  
  27  2:56  Orbital Command  
  27  2:57  SCV  
  28  3:02  Marine x2  
  30  3:09  SCV  
  31  3:14  Factory Tech Lab  
  31  3:19  Marine  
  31  3:20  Marine  
  31  3:21  SCV x2  
  35  3:29  Cloaking Field  
  35  3:30  Supply Depot  
  35  3:31  Banshee  
  35  3:33  SCV x2  
  40  3:37  Marine  
  40  3:38  Marine  
  42  3:45  SCV  
  42  3:46  SCV  
  44  3:53  Siege Tank  
  44  3:54  Supply Depot  
  47  3:57  Marine x2  
  47  3:58  SCV x2  
  51  4:05  Supply Depot  
  51  4:10  SCV x2  
  51  4:16  Marine x2, Banshee  
  58  4:20  Supply Depot  
  58  4:22  SCV x2  
  60  4:34  Marine x2, SCV x2  
  60  4:35  Siege Tank  
  67  4:40  Supply Depot  
  67  4:46  SCV x2  
  67  4:52  Marine x2  
  71  4:57  Command Center  
  71  4:58  Banshee, SCV x2  
  75  5:08  Supply Depot  
  75  5:10  SCV x2  
  77  5:19  Refinery  
  77  5:21  Refinery  
  77  5:22  SCV x2  
  77  5:23  Hellion x2  
  77  5:25  Armory  
  83  5:32  Supply Depot  
  83  5:34  SCV x2  
  84  5:44  Hellion x2  
  84  5:46  SCV  
  84  5:47  SCV  
  65  5:58  Banshee  
  65  5:59  SCV x2  
  60  6:11  SCV x2  
  62  6:17  Factory  
  62  6:18  Factory  
  62  6:22  Supply Depot  
  62  6:23  SCV x2, Hellion x2  
  62  6:25  Barracks Tech Lab  
  68  6:35  SCV x2  
  70  6:46  Hellion x2  
  74  6:47  SCV x2  
  74  6:51  Factory  
  74  6:52  Factory  
  76  6:59  SCV x2  
  76  7:00  Refinery x2  
  78  7:03  Cyclone  
  78  7:04  Mag-Field Accelerator  
  81  7:09  Orbital Command  
  81  7:10  Cyclone  
  81  7:11  SCV x2  
  81  7:12  Hellion x2  
  90  7:19  Supply Depot  
  90  7:20  Supply Depot  
  90  7:23  SCV x2  
  91  7:35  SCV x3, Cyclone  
  93  7:42  Cyclone  
  84  7:47  Factory Reactor, Factory Tech Lab, SCV  
  84  7:48  SCV x2  
  87  7:59  Hellion  
  87  8:00  SCV x3, Hellion  
  94  8:06  Cyclone  
  94  8:07  Cyclone  
  94  8:09  Infernal Pre-Igniter  
  94  8:12  SCV x2  
  102  8:14  Cyclone  
  102  8:19  Supply Depot  
  105  8:21  Hellion  
  105  8:23  Hellion  
  105  8:25  Hellion  
  105  8:26  Hellion  
  113  8:28  Hellion x2  
  113  8:35  Supply Depot  
  113  8:38  Cyclone  
  113  8:39  Cyclone  
  119  8:42  Hellion  
  119  8:44  Hellion  
  119  8:46  Hellion  
  119  8:50  Cyclone  
  119  8:51  Command Center, Hellion  
  124  9:04  Hellion  
  126  9:10  Factory x2  
  126  9:12  Factory  
  126  9:15  Engineering Bay  
Tags
 
Add a new tag
Caveats
  • Supply blocks, unpowered buildings, or Contaminate may cause inaccurate times.
  • Supply counts are checked every 10 seconds.